 Dungeon Crawl Stone Soup version 0.19.5 (webtiles) character file.

45 tricornhat the Slasher (level 3, -1/29 HPs)
             Began as a Demonspawn Berserker on Mar 12, 2017.
             Was a Follower of Trog.
             Slain by feelmyfire's ghost (8 damage)
             ... on level 3 of the Dungeon.
             The game lasted 00:06:30 (1079 turns).

tricornhat the Slasher (Demonspawn Berserker)       Turns: 1079, Time: 00:06:31

Health: -1/29      AC:  8    Str: 17    XL:     3   Next: 42%
Magic:  3/3        EV: 11    Int: 13    God:    Trog [*.....]
Gold:   88         SH:  0    Dex: 13    Spells: 0 memorised, 2 levels left

rFire  . . .     SeeInvis .     a - +0 falchion
rCold  . . .     Gourm    .     g - +0 ring mail
rNeg   . . .     Faith    .     (no shield)
rPois  .         Spirit   .     k - +0 helmet
rElec  .         Reflect  .     (no cloak)
rCorr  .         Harm     .     p - +0 pair of gloves
MR     .....                    (no boots)
Stlth  ..........               (no amulet)
                                (no ring)
                                (no ring)

@: brilliant, very slightly contaminated, invisible (expiring)
A: hooves 1, rugged brown scales 1
a: Berserk, Burn Spellbooks, Renounce Religion


You were on level 3 of the Dungeon.
You worshipped Trog.
Trog was aware of your devotion.
You were hungry.

You visited 1 branch of the dungeon, and saw 3 of its levels.

You collected 88 gold pieces.

Inventory:

Hand Weapons
 a - a +0 falchion (weapon)
Armour
 b - a +0 animal skin
 g - a +0 ring mail (worn)
 k - a +0 helmet (worn)
 p - a +0 pair of gloves (worn)
Scrolls
 d - 2 scrolls of identify {unknown}
 e - a scroll of magic mapping {unknown}
 h - 2 scrolls of fear {unknown}
 q - a scroll of amnesia {unknown}
Potions
 o - a potion of lignification {unknown}
 r - a potion of degeneration {unknown}
Comestibles
 c - 2 bread rations
 f - 2 beef jerkies
 m - a royal jelly


   Skills:
 + Level 3.3 Fighting
 * Level 3.7 Long Blades
 + Level 2.0 Armour
 - Level 1.7 Dodging


You had 2 spell levels left.
You didn't know any spells.

Dungeon Overview and Level Annotations

Branches:
Dungeon (3/15)

Altars:
Dithmenos

Annotations:
D:3 Grinder; feelmyfire's ghost, amateur NaTm


Innate Abilities, Weirdness & Mutations

You have large cloven feet.
You are partially covered in rugged brown scales. (AC +1, +3% HP)


Message History

Feelmyfire's ghost is almost destroyed.
Feelmyfire's ghost hits you.
You hit feelmyfire's ghost.
You kick feelmyfire's ghost, but do no damage.
Feelmyfire's ghost is almost destroyed.
Feelmyfire's ghost hits you.
You hit feelmyfire's ghost but do no damage.
Your kick misses feelmyfire's ghost.
Feelmyfire's ghost is almost destroyed.
Feelmyfire's ghost hits you.
You completely miss feelmyfire's ghost.
You kick feelmyfire's ghost, but do no damage.
Feelmyfire's ghost is almost destroyed.
You flicker for a moment.
Feelmyfire's ghost hits you.
* * * LOW HITPOINT WARNING * * *
You hit feelmyfire's ghost.
Feelmyfire's ghost is almost destroyed.
Feelmyfire's ghost hits you!
You die...

..........K#
..........#
#......##
#......#
#..go.##
#.oJo##
#..{o#
####W# #)@#
#.## #(+ ###


You could see feelmyfire's ghost, an ooze, 4 orcs and a hobgoblin.

Vanquished Creatures
  A gnoll (D:1)
  An adder (D:3)
  A worm (D:2)
  A leopard gecko (D:2)
  An orc (D:3)
  A giant cockroach (D:2)
  2 hobgoblins
  5 kobolds (D:2)
  2 quokkas
  2 bats (D:1)
  2 frilled lizards (D:1)
  3 rats (D:1)
22 creatures vanquished.

Vanquished Creatures (others)
  A kobold (D:3)
1 creature vanquished.

Grand Total: 23 creatures vanquished

Notes
Turn   | Place    | Note
-------+----------+-------------------------------------------
     0 | D:1      | tricornhat the Demonspawn Berserker began the quest for the Orb.
     0 | D:1      | Reached XP level 1. HP: 18/18 MP: 1/1
   116 | D:1      | Gained mutation: You are partially covered in rugged brown scales. (AC +1, +3% HP) [demonic ancestry]
   116 | D:1      | Reached XP level 2. HP: 12/24 MP: 2/2
   620 | D:2      | Found a shadowy altar of Dithmenos.
   835 | D:2      | Gained mutation: You have large cloven feet. [demonic ancestry]
   835 | D:2      | Reached XP level 3. HP: 19/29 MP: 3/3
  1015 | D:3      | Noticed feelmyfire's ghost (amateur NaTm)
  1016 | D:3      | Noticed Grinder
  1018 | D:3      | Paralysed by Grinder for 4 turns
  1079 | D:3      | Slain by feelmyfire's ghost

Skill      XL: |  1  2  3 |
---------------+----------+-----
Long Blades    | 3 |  3.7
Armour         | 2 |  2.0
Fighting       | |  3.3
Dodging        | |  1.7

Action                   || total
-------------------------++-------
Melee: Falchion          ||   102
       Kick              ||    21
  Use: Potion            ||     4
       Scroll            ||     2
Armor: Animal skin       ||     1
       Ring mail         ||    46
Dodge: Dodged            ||    57
       Rpst.: Falchion   ||    15
